 Dungeon Crawl Stone Soup version 0.27.0-1-g7a089689b8 (webtiles) character file.

Game seed: 10674724988969222243

855 ZombieSheep the Skirmisher (level 8, -11/67 HPs)
             Began as a Gnoll Wanderer on Aug 6, 2021.
             Was a Believer of Uskayaw.
             Mangled by an orc warrior (13 damage)
             ... on level 5 of the Dungeon.
             The game lasted 00:13:49 (5488 turns).

ZombieSheep the Skirmisher (Gnoll Wanderer)         Turns: 5488, Time: 00:13:50

Health: -11/67     AC:  6    Str: 10    XL:     8   Next: 1%
Magic:  2/12       EV: 11    Int: 18    God:    Uskayaw [**....]
Gold:   121        SH:  0    Dex:  9    Spells: 11/12 levels left

rFire    + . .     SeeInvis .   d - +1 quarterstaff
rCold    + . .     Faith    .   (shield currently unavailable)
rNeg     . . .     Spirit   .   n - +0 ring mail {Will+}
rPois    .         Reflect  .   r - +0 helmet
rElec    .         Harm     .   p - scarf {rC+ rF+}
rCorr    .         Rampage  .   (no gloves)
Will     +....                  (no boots)
Stlth    ++........             (no amulet)
HPRegen  0.21/turn              (no ring)
MPRegen  0.13/turn              (no ring)

@: no status effects
A: fangs 1, strong nose, distributed training
a: Renounce Religion, Stomp, Line Pass


You were on level 5 of the Dungeon.
You worshipped Uskayaw.
Uskayaw was noncommittal.
You visited 1 branch of the dungeon, and saw 5 of its levels.

You collected 121 gold pieces.

Inventory:

Hand Weapons
 a - a +2 dagger
 c - a +0 hand axe
 d - a +1 quarterstaff (weapon)
 l - a +0 war axe
 o - a +0 short sword of protection
Missiles
 b - a curare-tipped dart
 i - 10 poisoned darts (quivered)
Armour
 e - a +0 buckler
 g - a +0 scale mail
 k - a +1 ring mail
 m - a +0 cloak
 n - a +0 ring mail of willpower (worn)
 p - a scarf of resistance (worn)
 r - a +0 helmet (worn)
Wands
 s - a wand of digging (6)
 t - a wand of iceblast (3)
Scrolls
 q - a scroll of immolation {unknown}
 u - 2 scrolls of identify
 v - a scroll of amnesia {unknown}
Potions
 f - a potion of flight
 h - 2 potions of cancellation
 j - a potion of brilliance


   Skills:
 + Level 7.2 Fighting
 + Level 2.8 Short Blades
 + Level 2.8 Long Blades
 + Level 2.8 Axes
 + Level 3.9 Maces & Flails
 + Level 2.8 Polearms
 + Level 3.9 Staves
 + Level 2.8 Slings
 + Level 2.8 Bows
 + Level 2.8 Crossbows
 + Level 5.4 Throwing
 + Level 2.8 Armour
 + Level 3.9 Dodging
 + Level 5.1 Stealth
 + Level 2.8 Shields
 + Level 2.8 Unarmed Combat
 + Level 2.8 Spellcasting
 + Level 2.3 Conjurations
 + Level 2.3 Hexes
 + Level 2.3 Summonings
 + Level 2.3 Necromancy
 + Level 2.3 Translocations
 + Level 2.3 Transmutations
 + Level 2.3 Fire Magic
 + Level 2.3 Ice Magic
 + Level 2.3 Air Magic
 + Level 2.3 Earth Magic
 + Level 2.3 Poison Magic
 + Level 3.1 Invocations
 + Level 2.8 Evocations


You had 11 spell levels left.
You knew the following spells:

 Your Spells              Type           Power      Damage    Failure   Level
a - Freeze                Ice            40%        1d6       16%         1

Your spell library contained the following spells:

 Spells                   Type           Power      Damage    Failure   Level
 Frozen Ramparts          Ice            20%        1d4       43%         3
 Hailstorm                Conj/Ice       10%        3d5       83%         4


Dungeon Overview and Level Annotations

Branches:
Dungeon (5/15)             Temple (0/1) D:4

Altars:
Uskayaw
Yredelemnul

Shops:
D:2 *

Annotations:
D:5 4 runed translucent doors


Innate Abilities, Weirdness & Mutations

You have very sharp teeth.
Your uncanny sense of smell can sniff out nearby items.
Your experience applies equally to all skills.


Message History

You hit the hound. Your bite misses the hound.
The hound is almost dead.
The hound bites you.
Uskayaw will force your foes to helplessly watch your dance.
Uskayaw prepares the audience for your solo!
The helpless hound fails to defend itself.
You sock the hound!
You kill the hound!
The orc warrior is no longer paralysed.
The orc warrior hits you with a +0 war axe.
You have reached level 8!
You feel clever.
You barely miss the orc warrior.
The orc warrior hits you with a +0 war axe.
You hit the orc warrior but do no damage.
The orc warrior hits you with a +0 war axe!
Unknown command.
You hit the orc warrior but do no damage.
The orc warrior closely misses you.
You barely miss the orc warrior.
The orc warrior hits you with a +0 war axe!
You barely miss the orc warrior.
The orc warrior hits you with a +0 war axe.
You hit the orc warrior.
The orc warrior is lightly wounded.
The orc warrior hits you with a +0 war axe!
* * * LOW HITPOINT WARNING * * *
You stomp with the beat, sending a shockwave through the revellers around you!
The orc warrior is heavily wounded.
The orc warrior hits you with a +0 war axe.
* * * LOW HITPOINT WARNING * * *
Unknown command.
You closely miss the orc warrior.
The orc warrior is heavily wounded.
The orc warrior hits you with a +0 war axe!
* * * LOW HITPOINT WARNING * * *
You hit the orc warrior but do no damage.
The orc warrior is heavily wounded.
The orc warrior hits you with a +0 war axe!
You die...

........##...#.(.......#.........
........##...#.........#.........
##########...#.........###'######
.........#...#...................
.............#...................
..(......#.###...............)...
...........................†.....
............<..######.......>....
..............##@o..##...........
#########.....#†####.#..........#
..........##.# #..........#
...##++##.'.## #..........#
..##8oT8##### #.####.(...#
#####.#8....8# ∆ ∆ #.. .....#
...##.#)....(# ......#/....:# ...
......#8T...8# ∆ ..


You could see an orc warrior.

Vanquished Creatures
  Eustachio (D:4)
  An orc warrior (D:5)
  An ogre (D:4)
  A necrophage (D:5)
  A scorpion (D:4)
  A centaur zombie (D:4)
  2 hounds (D:5)
  2 orc wizards
  A killer bee zombie (D:5)
  Robin (D:4)
  3 gnolls (D:2)
  8 adders
  2 river rats (D:4)
  2 ufetubi (D:4)
  2 worms (D:4)
  2 dart slugs (D:1)
  4 orcs (D:3)
  5 ball pythons
  3 endoplasms
  5 giant cockroaches
  15 goblins
  8 hobgoblins
  5 jackals (D:4)
  A quokka (D:4)
  5 bats
  3 frilled lizards
  6 kobolds
  5 rats
  A spectral orc (D:4)
97 creatures vanquished.

Notes
Turn   | Place    | Note
-------+----------+-------------------------------------------
     0 | D:1      | ZombieSheep the Gnoll Wanderer began the quest for the Orb.
     0 | D:1      | ZombieSheep set off with the following items: a +2 dagger,
                  | a curare-tipped dart, a +0 hand axe, a +0 quarterstaff, a
                  | +0 robe
     0 | D:1      | Reached XP level 1. HP: 23/23 MP: 1/1
   166 | D:1      | Reached XP level 2. HP: 28/29 MP: 2/2
   750 | D:1      | Reached XP level 3. HP: 33/35 MP: 3/3
   894 | D:2      | Reached skill level 1 in Invocations
   922 | D:2      | Reached skill level 1 in Short Blades
   922 | D:2      | Reached skill level 1 in Long Blades
   922 | D:2      | Reached skill level 1 in Axes
   922 | D:2      | Reached skill level 1 in Polearms
   922 | D:2      | Reached skill level 1 in Slings
   922 | D:2      | Reached skill level 1 in Bows
   922 | D:2      | Reached skill level 1 in Crossbows
   922 | D:2      | Reached skill level 1 in Armour
   922 | D:2      | Reached skill level 1 in Shields
   922 | D:2      | Reached skill level 1 in Unarmed Combat
   922 | D:2      | Reached skill level 1 in Spellcasting
   922 | D:2      | Reached skill level 1 in Evocations
   922 | D:2      | Reached XP level 4. HP: 28/41 MP: 5/5
  1056 | D:2      | Learned a level 1 spell: Freeze
  1357 | D:2      | Found Gouxemn's Assorted Antiques.
  1462 | D:2      | Found a faded altar of an unknown god.
  1469 | D:2      | Became a worshipper of Uskayaw the Reveller
  1469 | D:2      | Reached * piety under Uskayaw
  1748 | D:3      | Reached skill level 1 in Conjurations
  1748 | D:3      | Reached skill level 1 in Hexes
  1748 | D:3      | Reached skill level 1 in Summonings
  1748 | D:3      | Reached skill level 1 in Necromancy
  1748 | D:3      | Reached skill level 1 in Translocations
  1748 | D:3      | Reached skill level 1 in Transmutations
  1748 | D:3      | Reached skill level 1 in Fire Magic
  1748 | D:3      | Reached skill level 1 in Ice Magic
  1748 | D:3      | Reached skill level 1 in Air Magic
  1748 | D:3      | Reached skill level 1 in Earth Magic
  1748 | D:3      | Reached skill level 1 in Poison Magic
  2125 | D:3      | Reached ** piety under Uskayaw
  2448 | D:3      | Reached XP level 5. HP: 47/47 MP: 5/7
  2572 | D:4      | Found a staircase to the Ecumenical Temple.
  2616 | D:4      | Noticed an ogre
  2628 | D:4      | Killed an ogre
  2629 | D:4      | Reached XP level 6. HP: 53/53 MP: 8/8
  2692 | D:4      | Noticed Robin
  2980 | D:4      | Killed Robin
  3222 | D:4      | Found a basalt altar of Yredelemnul.
  3299 | D:4      | Reached skill level 5 in Throwing
  4236 | D:4      | Noticed Eustachio
  4239 | D:4      | Killed Eustachio
  4240 | D:4      | Reached skill level 7 in Fighting
  4240 | D:4      | Reached XP level 7. HP: 60/60 MP: 10/10
  4723 | D:5      | Entered Level 5 of the Dungeon
  4901 | D:5      | Found a large runed translucent door.
  4901 | D:5      | Found a large runed translucent door.
  4901 | D:5      | Noticed a troll
  5116 | D:5      | Found a large runed translucent door.
  5116 | D:5      | Found a large runed translucent door.
  5133 | D:5      | Reached skill level 5 in Stealth
  5478 | D:5      | Reached *** piety under Uskayaw
  5480 | D:5      | Reached XP level 8. HP: 47/67 MP: 4/12
  5487 | D:5      | HP: 2/67 [orc warrior (12)]
  5488 | D:5      | Mangled by an orc warrior

Illustrated notes

Levels and vault maps discovered:
D:1:      dpeg_arrival_rooms_a, layout_rooms
D:2:      layout_loops_ring, serial_shops, shop,
          dreamdust_ecumenical_altar_hidden_monk_grotto, serial_bayou_pond_e,
          hangedman_glass_teeth
D:3:      layout_loops_ring, minmay_misc_feat_columns
D:4:      layout_loops_cross, yredelemnul_forgotten_temple_becter,
          minmay_temple_entry_stoned_glass, lightli_sewer_entry_pipes,
          kennysheep_opposing_triangles, uniq_eustachio, uniq_robin
D:5:      layout_gridville, minmay_hollow_rounded_squares

Skill      XL: |  1  2  3  4  5  6  7 |
---------------+----------------------+-----
Invocations    | 1 2 3 |  3.1
Short Blades   | 1 2 |  2.8
Long Blades    | 1 2 |  2.8
Axes           | 1 2 |  2.8
Polearms       | 1 2 |  2.8
Slings         | 1 2 |  2.8
Bows           | 1 2 |  2.8
Crossbows      | 1 2 |  2.8
Armour         | 1 2 |  2.8
Shields        | 1 2 |  2.8
Unarmed Combat | 1 2 |  2.8
Spellcasting   | 1 2 |  2.8
Evocations     | 1 2 |  2.8
Conjurations   | 1 2 |  2.3
Hexes          | 1 2 |  2.3
Summonings     | 1 2 |  2.3
Necromancy     | 1 2 |  2.3
Translocations | 1 2 |  2.3
Transmutations | 1 2 |  2.3
Fire Magic     | 1 2 |  2.3
Ice Magic      | 1 2 |  2.3
Air Magic      | 1 2 |  2.3
Earth Magic    | 1 2 |  2.3
Poison Magic   | 1 2 |  2.3
Maces & Flails | 3 |  3.9
Staves         | 3 |  3.9
Dodging        | 3 |  3.9
Throwing       | 5 |  5.4
Fighting       | 7 |  7.2
Stealth        | 5 |  5.1

Action                   |  1- 3 |  4- 6 |  7- 9 || total
-------------------------+-------+-------+-------++-------
Melee: Quarterstaff      |    79 |   188 |    55 ||   322
       Bite              |     6 |     7 |     3 ||    16
Throw: Dart              |     6 |    12 |     4 ||    22
 Cast: Freeze            |       |     4 |     3 ||     7
Invok: Stomp             |       |     3 |     5 ||     8
Evoke: Wand              |       |     3 |     4 ||     7
  Use: Scroll            |     3 |     4 |     3 ||    10
       Potion            |       |     1 |       ||     1
 Stab: Sleeping          |       |     5 |     2 ||     7
       Paralysed         |       |       |     1 ||     1
Armor: Scale mail        |    45 |     5 |       ||    50
       Robe              |     2 |       |       ||     2
       Ring mail         |       |    95 |    23 ||   118
Dodge: Dodged            |    43 |   148 |    31 ||   222
